nht, chaotic female elven Wizard ------ |....| |..>.| |....| [ |....| ----- #.....| (([ |.<..#####-.-%-- | ! |...| # # ##%### ## .- |...| ### # #... ) ----- # #@d $ # # #-n| ( # ### .| [ ### # | # # # ]( $ $ -|-|-# (( ((( *% ]!$ |...|# $ ((( [! %% |...|# |..^-# [ ----- nht the Thaumaturge Experience level: 6 Strength: 10 Dexterity: 16 Constitution: 16 Intelligence: 16 Wisdom: 7 Charisma: 10 Health: 0(39) Energy: 45(55) Def: 1 Gold: 89 Moves: 1007 Dungeon seed: Lv8YJ80P49WuQr0U Game ID: nht_1433912730 Your Inventory: Coins $ - 89 gold pieces Weapons a - a blessed +1 quarterstaff (weapon in hands) W - a +0 dwarvish mattock Armor e - an uncursed +0 cloak of magic resistance (being worn) Comestibles x - an uncursed tin of spinach z - an uncursed food ration Q - 2 uncursed slime molds Scrolls j - an uncursed scroll of remove curse k - an uncursed scroll of identify M - an uncursed scroll of enchant armor Spellbooks m - a blessed spellbook of magic missile n - an uncursed spellbook of detect food y - a blessed spellbook of detect monsters E - an uncursed spellbook of detect food P - an uncursed spellbook of invisibility Potions f - an uncursed potion of see invisible g - a blessed potion of blindness Rings c - an uncursed ring of searching (on left hand) d - an uncursed ring of see invisible Wands b - a wand of striking (0:3) s - a wand of magic missile (0:0) R - a wand of striking (0:3) Tools i - an uncursed oil lamp (lit) (0:1060) o - a magic marker (0:40) p - an uncursed tooled horn v - an uncursed lock pick B - 15 uncursed tallow candles (0:200) D - a blessed tallow candle (0:200) J - 5 uncursed wax candles (0:400) T - a magic marker (0:86) Gems G - 2 uncursed worthless pieces of white glass H - an uncursed worthless piece of yellowish brown glass L - an uncursed touchstone N - 3 uncursed worthless pieces of black glass S - an uncursed worthless piece of red glass Spells known in the end: Name Level Category Fail Memory a - force bolt 1 attack 0% 95% b - magic missile 2 attack 0% 95% c - detect food 2 divination 57% 95% d - detect monsters 1 divination 0% 96% Your skills at the end: Fighting Skills Weapon Skills quarterstaff [Basic] Spellcasting Skills attack spells [Basic] enchantment spells [Basic] Final Attributes: You were piously aligned. You were sleep resistant. You were magic-protected. You had automatic searching. You had infravision. You are dead. Vanquished creatures: 2 dwarf lords 6 gnome lords a gnomish wizard 7 dwarves a rothe 2 monkeys an iguana 2 hobbits a red mold 22 gnomes a gecko a goblin 3 lichens 3 newts 53 creatures vanquished. Voluntary challenges: You followed a strict vegan diet. You were an atheist. You used a wielded weapon 66 times, starting on turn 80. You read items or engraved 9 times, starting on turn 23. You never genocided any monsters. You never polymorphed an object. You changed form 1 time, starting on turn 966. You used no wishes. You never split a pudding. You never wrote Elbereth's name. You never violated your personal moral code. You disabled loading bones files. Dungeon overview: The Dungeons of Doom: levels 1 to 3 Level 1 a long staircase Level 2 a delicatessen Level 3 stairs to The Gnomish Mines The Gnomish Mines: levels 4 to 8 Level 4 stairs to The Dungeons of Doom Level 5 Level 6 <- You were here Level 7 Level 8 History has recorded: On T:1 you entered the Dungeons of Doom to retrieve the Amulet of Yendor! On T:143 you reached level 2 of The Dungeons of Doom. On T:168 you reached level 3 of The Dungeons of Doom. On T:262 you advanced to experience level 2. On T:420 you reached level 1 of The Gnomish Mines. On T:427 you advanced to experience level 3. On T:442 you advanced to experience level 4. On T:523 you advanced to experience level 5. On T:695 you reached level 2 of The Gnomish Mines. On T:735 you reached level 3 of The Gnomish Mines. On T:839 you reached level 4 of The Gnomish Mines. On T:852 you advanced to experience level 6. On T:907 you reached level 5 of The Gnomish Mines. Score breakdown: Gold: 89 ( 6647 points) Experience: 6 levels (12456 points) Exploration: 8 levels ( 17.02%) (11702 points) Discoveries: 8 items ( 2.90%) ( 5107 points) Valuables value: (no points given unless you survive) Artifact value: 0 ( 0 points) Variety of kills: 14 monsters ( 3.69%) ( 5765 points) Time penalty: 1007 turns ( 0 points) Survival: died (score multiplied by 80%) Total score: 33341 Latest messages: You can't even move a handspan with this load! The monkey tries to steal your spellbook of magic missile but gives up. The monkey bites! The gnome hits! The monkey hits! The monkey stole a magic marker. The monkey bites! The monkey hits! The monkey stole a wand of striking. The monkey bites! The monkey hits! The monkey stole a stone called touch. The monkey bites! The monkey hits! The monkey stole a candle. The monkey bites! The monkey hits! The monkey tries to grab your slime molds but gives up. The gnome hits! You can move again. The winter wolf bites! You die... Final status: Goodbye nht the Wizard, killed by a winter wolf... You died in The Gnomish Mines on dungeon level 6 with 33341 points, and 89 pieces of gold, after 1007 moves. You were level 6 with a maximum of 39 hit points when you died.